 Dungeon Crawl Stone Soup version 0.16-a0-3667-g690a316 (webtiles) character file.

512 mrpyro the Ruffian (level 6, -6/70 HPs)
             Began as a Bearkin Monk on Jan 24, 2015.
             Mangled by jessie's ghost (18 damage)
             ... on level 4 of the Dungeon.
             The game lasted 00:08:25 (3880 turns).

mrpyro the Ruffian (Bearkin Monk)                   Turns: 3880, Time: 00:08:25

Health: -6/70      AC:  5    Str: 23    XL:     6   Next: 99%
Magic:  6/6        EV: 13    Int: 14    God:
Gold:   188        SH:  0    Dex: 13    Spells: 0 memorised, 5 levels left

rFire  . . .     SeeInvis .       - Unarmed
rCold  . . .     Clarity  .     s - +0 leather armour
rNeg   . . .     SustAb   .     (no shield)
rPois  .         Gourm    .     (no helmet)
rElec  .         Spirit   .     (no cloak)
rCorr  .         Warding  .     (no gloves)
rMut   .         Stasis   .     (no boots)
MR     .....                    (no amulet)
Stlth  ..........               (no ring)
                                (no ring)

@: mighty, brilliant, berserking, very quick, not resistant to hostile
enchantments, extremely unstealthy
A: claws 1, fangs 1, shaggy fur 2, hind claws 1, cornered berserk
a: Cornered Berserk


You were on level 4 of the Dungeon.
You were not hungry.

You visited 1 branch of the dungeon, and saw 4 of its levels.

You collected 188 gold pieces.

Inventory:

Missiles
 j - 32 poisoned needles
Armour
 a - a +0 robe
 s - a +0 leather armour (worn)
Scrolls
 c - 3 scrolls of remove curse {unknown}
 d - 4 scrolls of teleportation {unknown}
 e - a scroll of recharging {unknown}
 k - a scroll of amnesia {unknown}
 l - a scroll of blinking {unknown}
 n - a scroll of fog {unknown}
 t - 2 scrolls of immolation {unknown}
Potions
 h - a potion of magic
 m - a potion of curing
 o - a potion of might
 p - a potion of brilliance
 q - a potion of lignification {unknown}
 r - a potion of agility {unknown}
Comestibles
 b - 3 bread rations
 f - 3 meat rations


   Skills:
 - Level 3.0 Fighting
 + Level 4.4 Dodging
 - Level 1.5 Stealth
 - Level 7.1 Unarmed Combat


You had 5 spell levels left.
You didn't know any spells.

Dungeon Overview and Level Annotations

Branches:
Dungeon (4/15)
 Temple: D:4-7

Altars:
Okawaru
Qazlal

Annotations:
D:4 jessie's ghost, average BeFi


Innate Abilities, Weirdness & Mutations

You have sharp fingernails.
You have very sharp teeth.
You are covered in thick fur (AC +2).
Your hind legs have claws.
You can berserk when greatly wounded.


Message History

Okay, then.
You barely miss jessie's ghost.
Your hind claws misses jessie's ghost.
Press: ? - help, v - describe, . - travel
Here: jessie's ghost The floor.
You scratch jessie's ghost but do no damage.
Jessie's ghost hits you!!
Drink which item? (? for menu, Esc to quit)
You feel very mighty all of a sudden. Jessie's ghost hits you!
Sorry, you're not good enough to have a special ability.
Drink which item? (? for menu, Esc to quit)
It was a potion of brilliance.
You feel clever all of a sudden. Jessie's ghost hits you!
* * * LOW HITPOINT WARNING * * *
Use which ability? (? or * to list)
A red film seems to cover your vision as you go berserk!
You feel yourself moving faster!
You feel mighty! Jessie's ghost hits you!!
You die...

#..# ##..# . ##.###..#
.# #...##..# .. .##
.......# #.# ..###.
..##...# #.. ##.....#
######.# #..##...... #
##.## ##........ ##
##...###.....W.#
.###............@#
.##.........###.##
..........### #.##
#.#####...# #..#
..######..# ###.#####.#
#.........####........#
#..#######....###.###.#
##.## #.#### ..# #..#
#.# ###


You could see jessie's ghost.

Vanquished Creatures
  An ogre (D:4)
  Sigmund (D:3)
  A hound (D:4)
  2 orc priests (D:4)
  An orc wizard (D:4)
  2 worker ants
  A hound skeleton (D:4)
  4 gnolls (D:4)
  3 adders
  2 worms
  2 giant geckos (D:1)
  4 oozes
  12 orcs
  8 bats
  2 giant cockroaches (D:1)
  10 hobgoblins
  A ball python (D:2)
  4 giant newts
  12 goblins
  3 jackals (D:1)
  11 kobolds
  7 rats
94 creatures vanquished.

Notes
Turn   | Place    | Note
--------------------------------------------------------------
     0 | D:1      | mrpyro, the Bearkin Monk, began the quest for the Orb.
     0 | D:1      | Reached XP level 1. HP: 18/18 MP: 1/1
   295 | D:1      | Reached XP level 2. HP: 22/24 MP: 2/2
   446 | D:1      | Reached skill level 5 in Unarmed Combat
   463 | D:1      | Reached XP level 3. HP: 25/29 MP: 3/3
  1006 | D:2      | Gained mutation: You have very sharp teeth. [bearkin transformation]
  1006 | D:2      | Reached XP level 4. HP: 20/35 MP: 4/4
  1593 | D:3      | Reached skill level 6 in Unarmed Combat
  1908 | D:3      | Noticed Sigmund
  1946 | D:3      | Killed Sigmund
  1946 | D:3      | Reached XP level 5. HP: 29/41 MP: 5/5
  2141 | D:3      | Found a stormy altar of Qazlal.
  2436 | D:4      | Reached skill level 7 in Unarmed Combat
  2548 | D:4      | Noticed jessie's ghost (average BeFi)
  2553 | D:4      | Noticed an ogre
  2705 | D:4      | Gained mutation: You are covered in thick fur (AC +2). [bearkin transformation]
  2705 | D:4      | Reached XP level 6. HP: 19/47 MP: 6/6
  2934 | D:4      | Killed an ogre
  3133 | D:4      | Found an iron altar of Okawaru.
  3880 | D:4      | Mangled by jessie's ghost

Action                   |  1- 3 |  4- 6 || total
-------------------------+-------+-------++-------
Melee: Unarmed           |   110 |   179 ||   289
 Abil: Cornered Berserk  |       |     1 ||     1
  Use: Scroll            |       |     6 ||     6
       Potion            |       |     4 ||     4
 Stab: Sleeping          |     1 |     2 ||     3
  Eat: Chunk             |       |     7 ||     7
       Beef jerky        |       |     1 ||     1
       Royal jelly       |       |     1 ||     1
